 Dungeon Crawl Stone Soup version 0.22.0-18-ge075c0d (webtiles) character file.

906 Faca the Cleaver (level 7, 0/69 HPs)
             Began as a Minotaur Berserker on Aug 18, 2018.
             Was a Priest of Trog.
             Slain by a gnoll
             ... wielding a +0 spear
              (3 damage)
             ... on level 4 of the Dungeon on Aug 19, 2018.
             The game lasted 00:07:44 (2787 turns).

Faca the Cleaver (Minotaur Berserker)               Turns: 2787, Time: 00:07:44

Health: 0/69       AC:  9    Str: 24    XL:     7   Next: 81%
Magic:  6/6        EV:  8    Int:  4    God:    Trog [***...]
Gold:   161        SH:  0    Dex:  9    Spells: 6/6 levels left

rFire    . . .     SeeInvis .   a - +0 hand axe
rCold    . . .     Gourm    .   (no shield)
rNeg     . . .     Faith    .   q - +1 chain mail (curse)
rPois    .         Spirit   .   (helmet restricted)
rElec    .         Reflect  .   (no cloak)
rCorr    .         Harm     .   (no gloves)
MR       ++...     Rnd*Tele +   (no boots)
Stlth    ..........             (no amulet)
HPRegen  1.21/turn              b - ring of teleportation (curse)
MPRegen  0.10/turn              (no ring)

@: berserk cooldown, regenerating, slowed, glowing, very slow
A: retaliatory headbutt, horns 2
a: Berserk, Trog's Hand, Renounce Religion


You were on level 4 of the Dungeon.
You worshipped Trog.
Trog was most pleased with you.
You were very hungry.

You visited 1 branch of the dungeon, and saw 4 of its levels.
You also visited: Sewer.

You collected 161 gold pieces.

Inventory:

Hand Weapons
 a - a +0 hand axe (weapon)
Armour
 o - the +1 leather armour of Ypauck {rF++ Str-4, unknown}
   (You found it in a sewer)

   It affects your strength (-4).
   It greatly protects you from fire.
 q - a cursed +1 chain mail (worn)
Jewellery
 b - a cursed ring of teleportation (left hand)
Wands
 m - a wand of acid (12)
Scrolls
 e - a scroll of magic mapping
 g - 2 scrolls of amnesia
 i - a scroll of enchant armour
Potions
 d - a potion of lignification {unknown}
 h - 2 potions of berserk rage {unknown}
 j - a potion of agility {unknown}
 k - a potion of flight {unknown}
 l - a potion of curing
 n - a potion of degeneration {unknown}
 p - 2 potions of mutation {unknown}
 r - a potion of brilliance {unknown}
Comestibles
 c - 5 rations


   Skills:
 + Level 8.4 Fighting
 + Level 8.4 Axes
 - Level 2.4 Armour
 - Level 2.1 Dodging


You had 6 spell levels left.
You didn't know any spells.
Your spell library was empty.

Dungeon Overview and Level Annotations

Branches:
Dungeon (4/15)
 Temple: D:4-7

Altars:
Elyvilon


Innate Abilities, Weirdness & Mutations

You reflexively headbutt those who attack you in melee.
You have a pair of horns on your head.


Message History

The gnoll hits you from afar with a spear.
* * * LOW HITPOINT WARNING * * *
The gnoll hits you from afar with a spear.
* * * LOW HITPOINT WARNING * * *
The gnoll hits you but does no damage. The gnoll hits you with a spear.
* * * LOW HITPOINT WARNING * * *
The gnoll closely misses you. You furiously retaliate!
You headbutt the gnoll!
You kill the gnoll!
Trog accepts your kill.
The gnoll hits you from afar with a spear.
* * * LOW HITPOINT WARNING * * *
The gnoll hits you from afar with a spear.
* * * LOW HITPOINT WARNING * * *
The gnoll hits you but does no damage.
You barely miss the gnoll. Your headbutt misses the gnoll.
The gnoll is severely wounded.
You closely miss the gnoll. The gnoll hits you but does no damage.
The gnoll barely misses you.
The gnoll hits you from afar with a spear.
You die...

≈≈≈≈≈≈≈≈≈≈≈≈≈≈≈≈≈≈≈≈≈≈≈≈≈≈≈≈≈≈≈≈≈
***≈≈≈≈≈≈≈≈≈≈≈≈≈≈≈≈≈≈≈≈≈≈≈≈≈≈≈≈**
,,*,,,,,,,,,,,,,,,,,,,,,,,,,,,,*,
,,******************************,
*+*,,,,+,,,,,,,+,,+,,,,,,,+,,,,*+
*,*,,,,**#######++#######**,,,,*,
*,*,,,,*,...............),*,,,,*,
*,******,......g)........,******,
*,+,,,,+,......)@)g......,+,,,,+,
*,+,,,,+,......g)(g......,+,,,,+,
*,*******#######)'#######*******,
*,*,,,,,******#....#******,,*,,*,
*,*,,,,,+,,,,,+....+,,,,,+,,*,,*,
*+*,,,,,******#....#******,,*,,*+
,,************#++++#************,
,,*,,,,,,,,,,,,,,,,,,,,,,,,,,,,*,
***≈≈≈≈≈≈≈≈≈≈≈≈,,,,≈≈≈≈≈≈≈≈≈≈≈≈**


You could see 4 gnolls.

Vanquished Creatures
  Purgy (Sewer)
  3 ogres (D:4)
  A bullfrog (D:3)
  A bullfrog skeleton (D:3)
  An orc priest (D:3)
  4 gnoll shamans (D:4)
  A worker ant (D:4)
  16 gnolls
  4 adders
  An ooze (D:2)
  4 worms
  3 dart slugs (D:1)
  8 leopard geckos
  2 orcs (D:3)
  15 bats
  3 giant cockroaches
  11 goblins
  8 hobgoblins
  3 jackals (D:4)
  4 frilled lizards
  7 kobolds
  15 rats
116 creatures vanquished.

Notes
Turn   | Place    | Note
-------+----------+-------------------------------------------
     0 | D:1      | Faca the Minotaur Berserker began the quest for the Orb.
     0 | D:1      | Reached XP level 1. HP: 19/19 MP: 0/0
   227 | D:1      | Reached XP level 2. HP: 16/27 MP: 1/1
   545 | D:1      | Reached XP level 3. HP: 32/34 MP: 2/2
   804 | D:1      | Reached ** piety under Trog
  1115 | D:2      | Reached XP level 4. HP: 41/41 MP: 3/3
  1131 | D:2      | Reached skill level 5 in Fighting
  1131 | D:2      | Reached skill level 5 in Axes
  1706 | D:3      | Reached XP level 5. HP: 48/48 MP: 4/4
  1784 | D:3      | Reached *** piety under Trog
  2076 | D:3      | Found a white marble altar of Elyvilon.
  2271 | D:4      | Noticed an ogre
  2278 | D:4      | Killed an ogre
  2278 | D:4      | Reached XP level 6. HP: 47/58 MP: 5/5
  2570 | D:4      | Found a glowing drain.
  2576 | Sewer    | Entered a sewer
  2579 | Sewer    | Noticed Purgy
  2591 | Sewer    | Killed Purgy
  2591 | Sewer    | Reached XP level 7. HP: 43/66 MP: 6/6
  2607 | Sewer    | Got a fine leather armour
  2786 | D:4      | HP: 2/69 [gnoll/spear (2)]
  2787 | D:4      | Slain by a gnoll

Skill      XL: |  1  2  3  4  5  6  7 |
---------------+----------------------+-----
Fighting       | 4 5 6 7 8 |  8.4
Axes           | 4 5 6 7 8 |  8.4
Armour         | |  2.4
Dodging        | |  2.1

Action                   |  1- 3 |  4- 6 |  7- 9 || total
-------------------------+-------+-------+-------++-------
Melee: Hand axe          |    82 |   164 |    24 ||   270
       Headbutt          |     7 |    24 |     5 ||    36
       Unarmed           |     3 |     9 |       ||    12
Invok: Berserk           |       |     1 |     1 ||     2
       Trog's Hand       |       |       |     1 ||     1
  Use: Scroll            |       |     7 |       ||     7
       Potion            |       |     1 |     1 ||     2
  Eat: Chunk             |     1 |     3 |       ||     4
       Ration            |       |     1 |       ||     1
Armor: Animal skin       |    11 |       |       ||    11
       Chain mail        |    17 |    91 |    44 ||   152
       Skin              |       |     2 |       ||     2
Dodge: Dodged            |    53 |    78 |    35 ||   166
